 Dungeon Crawl Stone Soup version bcrawl-1.14 (webtiles) character file.

Game seed: 12038654465850256131

380 MisterOstroum the Chiller (level 6, 0/37 HPs)
             Began as a Fairy Ice Elementalist on Sept 15, 2019.
             Was an Initiate of Jiyva.
             Slain by a centaur skeleton (2 damage)
             ... on level 5 of the Dungeon.
             The game lasted 00:10:29 (4625 turns).

MisterOstroum the Chiller (Fairy Ice Elementalist)  Turns: 4625, Time: 00:10:29

Health: 0/37       AC: 10    Str:  6    XL:     6   Next: 75%
Magic:  1/14       EV: 16    Int: 20    God:    Jiyva [......]
Gold:   336        SH:  9    Dex: 13    Spells: 3/13 levels left

rFire    . . .     SeeInvis .   v - -3 spear (curse)
rCold    . . .     Gourm    .   (shield restricted)
rNeg     . . .     Faith    .   (armour unavailable)
rPois    .         Spirit   .   w - +0 helmet
rElec    .         Reflect  +   (no cloak)
rCorr    .         Harm     .   u - +2 pair of gloves
MR       .....                  t - +0 pair of boots
Stlth    +.........             o - +4 amulet of reflection
HPRegen  0.12/turn              (no ring)
MPRegen  0.14/turn              (no ring)

@: flying evasively
A: small, magic attunement, unstealthy, unfitting armour, able to fly, AC/SH +5
a: Stop Flying, Renounce Religion


You were on level 5 of the Dungeon.
You worshipped Jiyva.
Jiyva was noncommittal.
You were near starving.

You visited 2 branches of the dungeon, and saw 6 of its levels.

You collected 336 gold pieces.

Inventory:

Hand Weapons
 c - a +0 dagger
 v - a cursed -3 spear (weapon)
Missiles
 a - 2038 stones (quivered)
Armour
 p - a +0 buckler
 t - a +0 pair of boots (worn)
 u - a +2 pair of gloves (worn)
 w - a +0 helmet (worn)
 y - a +0 shield
Jewellery
 o - a +4 amulet of reflection (around neck)
 r - an uncursed amulet of rage
 z - an uncursed ring of poison resistance {unknown}
Wands
 f - a wand of polymorph (6)
 q - a wand of digging (4)
 A - a wand of acid (9)
Scrolls
 g - a scroll of noise {unknown}
 h - a scroll of amnesia {unknown}
 i - a scroll of enchant weapon {unknown}
 l - 3 scrolls of teleportation
 n - a scroll of blinking {unknown}
 x - a scroll of identify {@r1}
Potions
 b - 2 potions of haste
 d - 3 potions of cancellation
 j - a potion of flight {unknown}
 k - 2 potions of might
 m - 3 potions of curing {@q1 !q}
 s - 3 potions of heal wounds
Comestibles
 e - 7 rations {!d}


   Skills:
 + Level 0.6 Fighting
 - Level 2.6 Dodging
 - Level 1.5 Stealth
 - Level 4.0 Spellcasting
 + Level 5.3 Conjurations
 + Level 6.1 Ice Magic


You had 3 spell levels left.
You knew the following spells:

 Your Spells              Type           Power        Failure   Level  Hunger
a - Freeze                Ice            ####..       1%          1    None
b - Throw Frost           Conj/Ice       ####..       1%          2    None
c - Throw Icicle          Conj/Ice       ####....     12%         4    None
z - Ozocubu's Armour      Chrm/Ice       ###.....     11%         3    None

Your spell library contained the following spells:

 Spells                   Type           Power        Failure   Level  Hunger
 Summon Ice Beast         Ice/Summ       ###.....     34%         4    None


Dungeon Overview and Level Annotations

Branches:
Dungeon (5/12)             Temple (1/1) D:5

Altars:
Cheibriados
Dithmenos
Fedhas
Lugonu
Nemelex Xobeh
Ru
Sif Muna
Trog
Uskayaw
Vehumet
Wu Jian
Xom
Yredelemnul
Zin
The Shining One
Jiyva

Shops:
D:4 [


Innate Abilities, Weirdness & Mutations

Your spells do not cause hunger and MP costs are reduced by 1.
Your bright wings attract enemies. (Stealth-)
You cannot fit into any form of body armour.
Your shimmering scales are hard and can block incoming attacks. (AC +5, SH +5)
You are small and have problems with some larger weapons.
You can fly continuously.


Message History

Confirm with . or Enter, or press ? or * to list all spells.
You don't have enough magic to cast that spell.
Casting: Throw Frost (safe; 1% risk of failure)
Confirm with . or Enter, or press ? or * to list all spells.
You don't have enough magic to cast that spell.
Casting: Throw Frost (safe; 1% risk of failure)
Confirm with . or Enter, or press ? or * to list all spells.
You don't have enough magic to cast that spell.
Casting: Throw Frost (safe; 1% risk of failure)
Confirm with . or Enter, or press ? or * to list all spells.
You don't have enough magic to cast that spell.
Casting: Throw Frost (safe; 1% risk of failure)
Confirm with . or Enter, or press ? or * to list all spells.
You don't have enough magic to cast that spell.
Casting: Throw Frost (safe; 1% risk of failure)
Confirm with . or Enter, or press ? or * to list all spells.
You don't have enough magic to cast that spell.
Casting: Throw Frost (safe; 1% risk of failure)
Confirm with . or Enter, or press ? or * to list all spells.
You don't have enough magic to cast that spell.
Casting: Throw Frost (safe; 1% risk of failure)
Confirm with . or Enter, or press ? or * to list all spells.
You don't have enough magic to cast that spell.
Casting: Throw Frost (safe; 1% risk of failure)
Confirm with . or Enter, or press ? or * to list all spells.
You don't have enough magic to cast that spell.
Casting: Throw Frost (safe; 1% risk of failure)
Confirm with . or Enter, or press ? or * to list all spells.
You don't have enough magic to cast that spell.
Casting: Throw Frost (safe; 1% risk of failure)
Confirm with . or Enter, or press ? or * to list all spells.
You don't have enough magic to cast that spell.
Casting: Throw Frost (safe; 1% risk of failure)
Confirm with . or Enter, or press ? or * to list all spells.
You don't have enough magic to cast that spell.
Casting: Throw Frost (safe; 1% risk of failure)
Confirm with . or Enter, or press ? or * to list all spells.
You don't have enough magic to cast that spell.
Casting: Throw Frost (safe; 1% risk of failure)
Confirm with . or Enter, or press ? or * to list all spells.
You don't have enough magic to cast that spell.
Casting: Throw Frost (safe; 1% risk of failure)
Confirm with . or Enter, or press ? or * to list all spells.
You don't have enough magic to cast that spell.
Casting: Throw Frost (safe; 1% risk of failure)
Confirm with . or Enter, or press ? or * to list all spells.
You don't have enough magic to cast that spell.
Casting: Throw Frost (safe; 1% risk of failure)
Confirm with . or Enter, or press ? or * to list all spells.
You don't have enough magic to cast that spell.
Casting: Throw Frost (safe; 1% risk of failure)
Confirm with . or Enter, or press ? or * to list all spells.
You don't have enough magic to cast that spell.
Casting: Throw Frost (safe; 1% risk of failure)
Confirm with . or Enter, or press ? or * to list all spells.
You don't have enough magic to cast that spell.
Casting: Throw Frost (safe; 1% risk of failure)
Confirm with . or Enter, or press ? or * to list all spells.
You don't have enough magic to cast that spell.
Casting: Throw Frost (safe; 1% risk of failure)
Confirm with . or Enter, or press ? or * to list all spells.
You don't have enough magic to cast that spell.
Casting: Throw Frost (safe; 1% risk of failure)
Confirm with . or Enter, or press ? or * to list all spells.
You don't have enough magic to cast that spell.
You hit the centaur skeleton but do no damage.
You block the water moccasin zombie's attack.
The centaur skeleton hits you.
* * * LOW HITPOINT WARNING * * *
The water moccasin zombie misses you.
You hit the centaur skeleton.
The centaur skeleton is lightly damaged.
The centaur skeleton completely misses you.
The water moccasin zombie barely misses you.
You completely miss the centaur skeleton.
The centaur skeleton is lightly damaged.
The centaur skeleton hits you but does no damage.
The water moccasin zombie bites you but does no damage.
You block the centaur skeleton's attack.
You hit the centaur skeleton.
The centaur skeleton is moderately damaged.
You block the water moccasin zombie's attack.
The centaur skeleton completely misses you.
The water moccasin zombie closely misses you.
You hit the centaur skeleton.
The centaur skeleton is moderately damaged.
You block the centaur skeleton's attack.
The water moccasin zombie bites you.
* * * LOW HITPOINT WARNING * * *
The centaur skeleton hits you but does no damage.
You hit the centaur skeleton.
The centaur skeleton is moderately damaged.
The water moccasin zombie barely misses you.
The centaur skeleton hits you.
* * * LOW HITPOINT WARNING * * *
You hit the centaur skeleton but do no damage.
The centaur skeleton is moderately damaged.
The water moccasin zombie barely misses you.
The centaur skeleton barely misses you. The centaur skeleton hits you.
You die...

#. #.# #.# ##.# #
... #.# #.# ..#
##.#### ###
#..wZ.# ## #..##@#
.# #..##Z# .#
#..##.# #..##.#
#..##.# #..#...
.###########.[#.#.
..............#. .
#####.#########


You could see a dart slug, a water moccasin zombie and a centaur skeleton.

Vanquished Creatures
  A scorpion (D:4)
  2 crimson imps (D:3)
  2 bullfrog skeletons (D:5)
  A quasit (D:3)
  2 orc wizards (D:3)
  A hound skeleton (D:4)
  A howler monkey skeleton (D:4)
  An adder (D:3)
  3 worms
  2 dart slugs
  8 leopard geckos
  5 orcs (D:4)
  8 bats
  5 goblins
  10 hobgoblins
  5 quokkas
  A ball python (D:4)
  4 frilled lizards
  6 kobolds
  A quokka skeleton (D:4)
  9 rats
78 creatures vanquished.

Notes
Turn   | Place    | Note
-------+----------+-------------------------------------------
     0 | D:1      | MisterOstroum the Fairy Ice Elementalist began the quest
                  | for the Orb.
     0 | D:1      | Reached XP level 1. HP: 11/11 MP: 6/6
    89 | D:1      | Reached XP level 2. HP: 17/17 MP: 8/8
    93 | D:1      | Learned a level 2 spell: Throw Frost
    96 | D:1      | Reached skill level 4 in Ice Magic
   512 | D:1      | Reached XP level 3. HP: 21/21 MP: 10/10
   529 | D:1      | Learned a level 3 spell: Ozocubu's Armour
  1438 | D:2      | Reached XP level 4. HP: 27/27 MP: 9/11
  1634 | D:2      | Learned a level 4 spell: Throw Icicle
  2139 | D:3      | Found a corrupted altar of Lugonu.
  2303 | D:3      | Found a bloodstained altar of Trog.
  2495 | D:3      | Found an ornate altar of the Wu Jian Council.
  2666 | D:3      | Reached XP level 5. HP: 31/31 MP: 1/13
  2872 | D:3      | Reached skill level 5 in Ice Magic
  2918 | D:3      | Found a shimmering blue altar of Sif Muna.
  3170 | D:3      | Reached XP level 6. HP: 36/36 MP: 10/14
  3298 | D:4      | Reached skill level 5 in Conjurations
  3612 | D:4      | Found Nadeyxt's Armour Boutique.
  3741 | D:4      | Reached skill level 6 in Ice Magic
  3918 | D:5      | Entered Level 5 of the Dungeon
  3972 | D:5      | Found a staircase to the Ecumenical Temple.
  3984 | Temple   | Entered the Ecumenical Temple
  4149 | Temple   | Became a worshipper of Jiyva Jiodo the Shapeless
  4252 | D:5      | Found a shadowy altar of Dithmenos.
  4624 | D:5      | HP: 1/37 [centaur skeleton (2)]
  4625 | D:5      | Slain by a centaur skeleton

Skill      XL: |  1  2  3  4  5  6 |
---------------+-------------------+-----
Spellcasting   | 3 4 |  4.0
Ice Magic      | 4 5 6 |  6.1
Conjurations   | 2 3 4 5 |  5.3
Fighting       | |  0.6
Dodging        | |  2.6
Stealth        | |  1.5

Action                   |  1- 3 |  4- 6 || total
-------------------------+-------+-------++-------
Melee: Spear             |       |    43 ||    43
       Dagger            |       |     9 ||     9
Throw: Stone             |    10 |     1 ||    11
 Cast: Freeze            |    17 |    10 ||    27
       Throw Frost       |    53 |    99 ||   152
       Ozocubu's Armour  |     1 |     3 ||     4
       Throw Icicle      |       |    10 ||    10
  Use: Scroll            |       |     6 ||     6
       Potion            |       |     1 ||     1
  Eat: Chunk             |     1 |     5 ||     6
       Ration            |       |     1 ||     1
Armor: Skin              |     4 |    31 ||    35
Dodge: Dodged            |    13 |    90 ||   103
Block: Other             |     2 |    57 ||    59
